 Dungeon Crawl Stone Soup version 0.21.1-1-g345015f (webtiles) character file.

54637 microfolk the Apostle (level 14, 103/136 HPs)
             Began as a Hill Orc Monk on Feb 6, 2018.
             Was a High Priest of Beogh.
             Quit the game on level 1 of the Spider Nest on Feb 12, 2018.
             The game lasted 00:59:37 (17242 turns).

microfolk the Apostle (Hill Orc Monk)              Turns: 17242, Time: 00:59:38

Health: 103/136    AC: 31    Str: 19    XL:     14   Next: 73%
Magic:  24/25      EV:  7    Int: 10    God:    Beogh [*****.]
Gold:   1401       SH: 13    Dex: 13    Spells: 13/13 levels left

rFire    + . .     SeeInvis .   p - +3 hand axe (elec)
rCold    + + .     Gourm    .   o - +1 shield {AC+3}
rNeg     . . .     Faith    +   y - +0 plate armour
rPois    .         Spirit   .   w - +1 helmet
rElec    .         Reflect  .   W - scarf {rC+ rF+}
rCorr    .         Harm     .   K - +0 pair of gloves
MR       +....                  B - +2 pair of boots {Fly}
Stlth    ..........             D - amulet of faith
HPRegen  0.32/turn              I - ring of ice
MPRegen  0.19/turn              G - ring of Boiqaf {+Inv rF+}

@: flying
A: walk on water, icy blue scales 1, molten scales 1, rugged brown scales 1,
deterioration 1
a: Smiting, Recall Orcish Followers, Give Item to Named Follower, Renounce
Religion, Evoke Invisibility, Stop Flying


You were on level 1 of the Spider Nest.
You worshipped Beogh.
Beogh was extremely pleased with you.
You were not hungry.

You visited 3 branches of the dungeon, and saw 19 of its levels.

You collected 1401 gold pieces.

Inventory:

Hand Weapons
 h - a +2 trident of protection
 p - a +3 hand axe of electrocution (weapon)
 R - a +1 hunting sling of flaming
 U - a +2 vampiric halberd
Missiles
 g - 454 stones (quivered)
 u - 127 sling bullets
 A - a throwing net
Armour
 o - a +1 shield of protection (worn)
 v - a scarf of resistance
 w - a +1 helmet (worn)
 y - a +0 plate armour (worn)
 B - a +2 pair of boots of flying (worn)
 K - a +0 pair of gloves (worn)
 W - a scarf of resistance (worn)
Jewellery
 m - an uncursed ring of positive energy
 D - an amulet of faith (around neck)
 G - the ring of Boiqaf (right hand) {+Inv rF+}
   (You found it on level 9 of the Dungeon)

   [ring of protection from fire]

   It protects you from fire.
   It lets you turn invisible.
 I - a ring of ice (left hand)
 Q - an uncursed ring of resist corrosion
 X - an uncursed amulet of rage {unknown}
Wands
 k - a wand of iceblast (14)
 l - a wand of acid (17)
 E - a wand of digging (4)
 M - a wand of disintegration (18)
Scrolls
 b - 3 scrolls of immolation
 e - 7 scrolls of magic mapping
 i - 3 scrolls of teleportation
 j - 2 scrolls of fear
 n - 2 scrolls of fog {unknown}
 q - 7 scrolls of remove curse
 s - a scroll of enchant weapon
 x - 2 scrolls of enchant armour
 C - a scroll of summoning {unknown}
 H - a scroll of blinking {unknown}
 T - a scroll of brand weapon {unknown}
 V - a scroll of holy word {unknown}
 Z - a scroll of identify
Potions
 a - a potion of lignification
 d - a potion of cancellation
 f - 11 potions of curing
 r - a potion of agility
 t - a potion of mutation
 z - 3 potions of heal wounds
 F - a potion of might
 L - a potion of flight {unknown}
 N - 2 potions of ambrosia
 O - 2 potions of berserk rage
 P - a potion of invisibility
 S - 2 potions of haste
Miscellaneous
 J - a crystal ball of energy
Comestibles
 c - 40 rations


   Skills:
 + Level 14.6 Fighting
 - Level 14.0 Axes
 + Level 13.1 Armour
 - Level 2.4 Dodging
 - Level 1.5 Stealth
 + Level 10.5 Shields
 + Level 15.0 Invocations


You had 13 spell levels left.
You didn't know any spells.

Dungeon Overview and Level Annotations

Branches:
Dungeon (12/15)            Temple (0/1) D:4            Lair (6/6) D:11
 Shoals (0/4) Lair:4       Spider (1/4) Lair:2        Slime (0/5) Lair:6
    Orc (0/2) D:12

Altars:
Hepliaklqana
Makhleb
Nemelex Xobeh
Wu Jian
Zin
Jiyva

Shops:
D:6 }   D:10 *

Annotations:
D:3 exclusion: downstairs
D:7 exclusion: downstairs
D:9 2 transporters
Lair:1 exclusion: 3 oklob plants
Lair:5 exclusion: downstairs
Lair:6 1 runed door


Innate Abilities, Weirdness & Mutations

You can walk on water.
You are partially covered in icy blue scales. (AC +2)
You are partially covered in molten scales. (AC +2)
You are partially covered in rugged brown scales. (AC +1, +3% HP)
Your body sometimes deteriorates upon taking damage.


Message History

Your Invocations skill increases to level 15!
You can no longer revive fallen orcs.
Grimold no longer looks unusually strong.
The orb of destruction hits your orc warrior.
Your orc warrior is blown up!
You see here a whip.
You start resting.
Your orc knight no longer looks unusually strong.
A redback comes into view.
Your orc warlord no longer looks unusually strong.
You closely miss the redback. The redback bites you.
Grimold hits the redback with the +11 trident of the Chickpea {freeze, rN+}!!
Grimold freezes the redback.
The redback dies!
Beogh accepts your kill.
You see here a redback corpse.
Welcome back, microfolk the Hill Orc Monk.
Beogh says: Drown the unbelievers in a sea of blood!
Press ? for a list of commands and other information.
Are you sure you want to abandon this character and quit the game? (Confirm with "yes".)

##..[.......########oo#..
#..........##...<.#o##..
##.................†###..
#..o........##......# ##†
##..o......####.....# ##
##......### ##....# ##.
#..#####.## ###.#####.##
#...####..###...###^.##
#......@...........#..##
#####.oo........#......#
#.###..o.......##.......
##............. #.....).
##..)........#.........
##..........###.......
##.........##...#####
#.##......##.##. #.#
#..####.# #


You could see a friendly orc warlord, a friendly orc knight and the friendly
Grimold the orc knight.

Vanquished Creatures
  An entropy weaver (Spider:1)
  A rakshasa (D:10)
  5 hydras
  2 death yaks (D:11)
  A two-headed ogre (D:12)
  The ghost of Masnef the Covert, a journeyman SpEn of Ashenzari (D:12)
  Sonja (Lair:4)
  4 skeletal warriors (D:12)
  The ghost of Mirai the Slasher, a novice DsBe of Trog (D:6)
  An orb spider (Spider:1)
  A wolf spider (Spider:1)
  2 cyclopes (D:11)
  7 spiny frogs
  4 black mambas
  2 demonic crawlers (Spider:1)
  3 komodo dragons
  A troll (D:12)
  A polar bear (Lair:4)
  A hippogriff (D:7)
  A shadow (D:10)
  A wraith (Lair:5)
  4 wyverns
  19 yaks
  A spriggan (Lair:5)
  A human (D:10)
  7 redbacks
  2 vampire mosquitoes (Spider:1)
  6 water moccasins
  5 porcupines
  Duvessa (D:4)
  5 ice beasts
  2 orc warriors
  3 sky beasts
  2 phantoms
  2 black bears
  4 necrophages
  A wolf (Lair:3)
  8 ogres
  A crocodile (Lair:6)
  6 centaurs
  2 big kobolds (D:11)
  8 bullfrogs
  A wyvern zombie (D:11)
  Dowan (D:4)
  A water moccasin zombie (D:7)
  A scorpion (D:5)
  6 killer bees
  A wight (D:12)
  3 howler monkeys (D:8)
  2 centaur zombies
  11 crimson imps
  A bullfrog skeleton (D:10)
  6 hounds
  4 jellies
  4 orc wizards
  An orc priest (D:4)
  7 centaur skeletons
  4 iguanas
  4 worker ants
  2 hound skeletons
  A mummy (D:11)
  A worker ant zombie (D:11)
  Robin (D:4)
  A gnoll (D:1)
  9 adders
  A river rat (D:11)
  3 shadow imps
  3 oozes
  2 adder zombies
  2 adder skeletons
  3 worms
  3 dart slugs
  4 leopard geckos
  15 orcs
  2 ball pythons
  6 giant cockroaches
  22 goblins
  12 hobgoblins
  8 jackals
  14 kobolds
  7 quokkas
  12 bats
  2 frilled lizards (D:1)
  A jackal zombie (D:8)
  2 leopard gecko skeletons
  A leopard gecko zombie (D:8)
  A quokka zombie (D:5)
  9 rats
  A fungus (Lair:2)
341 creatures vanquished.

Vanquished Creatures (collateral kills)
  Kirke (Spider:1)
  The ghost of garbagetei the Eclecticist, a journeyman DEEE of Vehumet (Lair:6)
  Josephine (Lair:5)
  A catoblepas (Lair:6)
  A hydra (Lair:2)
  A death yak (D:11)
  A tengu warrior (D:10)
  A skeletal warrior (D:12)
  An unseen horror (D:10)
  2 orb spiders (Spider:1)
  An oklob plant (Lair:1)
  3 wolf spiders
  7 elephants
  9 black mambas
  A guardian serpent (Lair:6)
  A merfolk siren (Lair:4)
  11 spiny frogs
  A gargoyle (D:12)
  5 komodo dragons
  4 demonic crawlers (Spider:1)
  7 jumping spiders
  A troll (D:10)
  4 hornets
  7 blink frogs
  6 dream sheep (Lair:4)
  4 hippogriffs
  A slime creature (D:10)
  13 redbacks
  32 yaks
  A shadow (D:11)
  A tarantella (Spider:1)
  3 wraiths (Lair:5)
  2 hogs (Spider:1)
  10 wyverns
  3 basilisks
  A vampire mosquito (Spider:1)
  16 water moccasins
  3 porcupines
  An ice beast (D:11)
  2 sky beasts
  A necrophage (D:11)
  An ogre (D:12)
  A phantom (D:12)
  2 wolves (Lair:3)
  2 centaurs
  4 crocodiles
  6 bullfrogs
  A scorpion (D:9)
  3 killer bees (D:12)
  4 wights
  A bullfrog skeleton (D:12)
  A bullfrog zombie (D:11)
  An orc wizard (D:12)
  2 orc priests (D:12)
  A hell rat (D:11)
  An iguana (D:11)
  A worker ant (D:9)
  A hound zombie (D:11)
  An adder (D:11)
  A worker ant zombie (D:11)
  A shadow imp (D:12)
  2 orcs
  2 jackals (D:11)
  4 kobolds (D:11)
  3 quokkas (D:9)
  11 fungi
  22 plants
253 creatures vanquished.

Vanquished Creatures (others)
  An orc knight (Spider:1)
  4 orc warriors
  A hog (Spider:1)
  3 humans (Spider:1)
  2 orc priests
  A worm (D:3)
  7 orcs
  A bat (D:3)
  2 rats (D:3)
  15 fungi
  23 plants
60 creatures vanquished.

Grand Total: 654 creatures vanquished

Notes
Turn   | Place    | Note
-------+----------+-------------------------------------------
     0 | D:1      | microfolk the Hill Orc Monk began the quest for the Orb.
     0 | D:1      | Reached XP level 1. HP: 19/19 MP: 1/1
    82 | D:1      | Reached XP level 2. HP: 16/27 MP: 2/2
    87 | D:1      | Reached skill level 1 in Armour
   465 | D:1      | Reached XP level 3. HP: 33/33 MP: 3/3
  1189 | D:2      | Reached skill level 1 in Shields
  1189 | D:2      | Reached XP level 4. HP: 31/41 MP: 4/4
  1260 | D:2      | Found a burning altar of Makhleb.
  1325 | D:2      | Found an ornate altar of the Wu Jian Council.
  1782 | D:3      | Reached skill level 5 in Axes
  1930 | D:3      | Became a worshipper of Beogh the Brigand
  1930 | D:3      | Reached * piety under Beogh
  1930 | D:3      | Reached ** piety under Beogh
  1938 | D:3      | Reached XP level 5. HP: 36/47 MP: 5/5
  2716 | D:4      | Noticed Duvessa
  2716 | D:4      | Noticed Dowan
  2746 | D:4      | Found a hazy altar of Hepliaklqana.
  2824 | D:4      | Noticed an ogre
  2903 | D:4      | Reached skill level 5 in Fighting
  3031 | D:4      | Killed an ogre
  3031 | D:4      | Reached skill level 1 in Invocations
  3031 | D:4      | Reached XP level 6. HP: 28/56 MP: 2/7
  3101 | D:4      | Reached skill level 2 in Invocations
  3242 | D:4      | Reached XP level 7. HP: 50/61 MP: 8/8
  3255 | D:4      | Found a staircase to the Ecumenical Temple.
  3277 | D:4      | Noticed Robin
  3316 | D:4      | Killed Robin
  3399 | D:4      | Killed Duvessa
  3399 | D:4      | Reached skill level 3 in Invocations
  3408 | D:4      | Killed Dowan
  3733 | D:5      | Entered Level 5 of the Dungeon
  3733 | D:5      | Found a burning altar of Makhleb.
  3836 | D:5      | Reached XP level 8. HP: 35/70 MP: 6/10
  3958 | D:5      | Reached skill level 4 in Invocations
  4262 | D:5      | Reached skill level 5 in Armour
  4309 | D:5      | Reached skill level 5 in Invocations
  4363 | D:5      | Reached skill level 5 in Shields
  4496 | D:6      | Noticed Mirai's ghost (novice DsBe)
  4500 | D:6      | Killed Mirai's ghost
  4500 | D:6      | Reached skill level 6 in Invocations
  4500 | D:6      | Reached XP level 9. HP: 79/79 MP: 3/13
  4556 | D:6      | Found a sparkling altar of Nemelex Xobeh.
  4618 | D:6      | Found Cezuce's Gadget Shoppe.
  5349 | D:7      | Reached *** piety under Beogh
  5763 | D:8      | Reached skill level 7 in Invocations
  5838 | D:8      | Reached XP level 10. HP: 63/90 MP: 15/15
  6292 | D:8      | Reached **** piety under Beogh
  6294 | D:8      | Gained Learuk as an ally
  6332 | D:8      | Reached skill level 8 in Invocations
  6857 | D:9      | Reached skill level 10 in Axes
  6892 | D:9      | Got a glittering jade ring
  6898 | D:9      | Identified the ring of Boiqaf {+Inv rF+} (You found it on level 9 of the Dungeon)
  6952 | D:9      | Found a transporter.
  6962 | D:9      | Found a transporter.
  6964 | D:9      | Noticed a deep troll
  6978 | D:9      | Noticed a red ugly thing
  7265 | D:9      | Found a sparkling altar of Nemelex Xobeh.
  7426 | D:10     | Entered Level 10 of the Dungeon
  7709 | D:10     | Killed an unseen horror
  7767 | D:10     | Found Lickoinui's Assorted Antiques.
  7787 | D:10     | Noticed a tengu warrior
  7788 | D:10     | Noticed a rakshasa
  7874 | D:10     | Reached skill level 9 in Invocations
  7988 | D:10     | Killed a rakshasa
  7988 | D:10     | Reached skill level 10 in Fighting
  7988 | D:10     | Reached XP level 11. HP: 99/99 MP: 10/18
  7988 | D:10     | Gained Argrim as an ally
  8045 | D:10     | Killed a tengu warrior
  8183 | D:11     | Your ally Argrim died
  8308 | D:11     | Gained mutation: You have an increased reservoir of magic. (+10% MP) [potion of mutation]
  8308 | D:11     | Gained mutation: Scrolls take you a little longer to read. [potion of mutation]
  8308 | D:11     | Gained mutation: You are frail. (-10% HP) [potion of mutation]
  8308 | D:11     | Gained mutation: You are partially covered in rugged brown scales. (AC +1, +3% HP) [potion of mutation]
  8388 | D:11     | Noticed a death yak
  8392 | D:11     | Noticed a death yak
  8392 | D:11     | Killed a death yak
  8392 | D:11     | Reached skill level 10 in Invocations
  8396 | D:11     | Found a staircase to the Lair.
  8397 | D:11     | Noticed a death yak
  8405 | D:11     | Killed a death yak
  8412 | D:11     | Killed a death yak
  8641 | D:11     | Noticed a cyclops
  8643 | D:11     | Killed a cyclops
  8901 | D:11     | Noticed a cyclops
  8909 | D:11     | Killed a cyclops
  9290 | D:12     | Found a staircase to the Orcish Mines.
  9469 | D:12     | Reached skill level 11 in Invocations
  9531 | D:12     | Reached XP level 12. HP: 91/102 MP: 22/22
  9642 | D:12     | Reached skill level 10 in Armour
  9721 | D:12     | Reached ***** piety under Beogh
  9830 | D:12     | Noticed a six-headed hydra
 10150 | D:12     | Killed a seven-headed hydra
 10150 | D:12     | Reached skill level 12 in Invocations
 10195 | D:12     | Lost mutation: You have an increased reservoir of magic. (+10% MP) [potion of mutation]
 10195 | D:12     | Lost mutation: Scrolls take you a little longer to read. [potion of mutation]
 10195 | D:12     | Lost mutation: You are frail. (-10% HP) [potion of mutation]
 10195 | D:12     | Gained mutation: Your body sometimes deteriorates upon taking damage. [potion of mutation]
 10195 | D:12     | Gained mutation: You are partially covered in icy blue scales. (AC +2) [potion of mutation]
 10195 | D:12     | Gained mutation: You are partially covered in molten scales. (AC +2) [potion of mutation]
 10283 | D:12     | Got a brightly glowing trident
 10284 | D:12     | Identified the +11 trident of the Chickpea {freeze, rN+} (You found it on level 12 of the Dungeon)
 10349 | D:12     | Noticed Masnef's ghost (journeyman SpEn)
 10356 | D:12     | Killed Masnef's ghost
 10625 | D:12     | Noticed a two-headed ogre
 10627 | D:12     | Killed a two-headed ogre
 10853 | Lair:1   | Entered Level 1 of the Lair of Beasts
 11009 | Lair:1   | Noticed a six-headed hydra
 11014 | Lair:1   | Killed a six-headed hydra
 11014 | Lair:1   | Reached XP level 13. HP: 122/122 MP: 15/22
 11364 | Lair:1   | Found a glowing silver altar of Zin.
 11758 | Lair:2   | Found a hole to the Spider Nest.
 12644 | Lair:3   | Reached skill level 13 in Invocations
 13368 | Lair:4   | Found a burning altar of Makhleb.
 13418 | Lair:4   | Gained Grimold as an ally
 13506 | Lair:4   | Found a staircase to the Shoals.
 13699 | Lair:4   | Noticed Sonja
 13702 | Lair:4   | Killed Sonja
 14250 | Lair:5   | Noticed Josephine
 14258 | Lair:5   | Killed Josephine
 14996 | Lair:6   | Entered Level 6 of the Lair of Beasts
 15094 | Lair:6   | Reached XP level 14. HP: 115/133 MP: 24/24
 15099 | Lair:6   | Reached skill level 14 in Invocations
 15156 | Lair:6   | Gained Grimold as an ally
 15361 | Lair:6   | Found a runed door.
 15361 | Lair:6   | Found a viscous altar of Jiyva.
 15361 | Lair:6   | Found a staircase to the Slime Pits.
 15361 | Lair:6   | Noticed an azure jelly
 15361 | Lair:6   | Noticed an azure jelly
 15430 | Lair:6   | Noticed garbagetei's ghost (journeyman DEEE)
 15435 | Lair:6   | Killed garbagetei's ghost
 15655 | Lair:6   | Reached skill level 10 in Shields
 16120 | Spider:1 | Entered Level 1 of the Spider Nest
 16155 | Spider:1 | Noticed Kirke
 16175 | Spider:1 | Your ally Grimold died
 16183 | Spider:1 | Your ally Learuk died
 16555 | Spider:1 | Killed Kirke
 16595 | Spider:1 | Noticed an entropy weaver
 16599 | Spider:1 | Killed an entropy weaver
 17231 | Spider:1 | Reached ****** piety under Beogh
 17231 | Spider:1 | Reached skill level 15 in Invocations
 17242 | Spider:1 | Quit the game

Skill      XL: |  1  2  3  4  5  6  7  8  9 10 11 12 13 14 |
---------------+-------------------------------------------+-----
Fighting       | 4 5 6 7 8 10 11 12 13 14 | 14.6
Armour         | 1 2 3 4 5 6 8 9 11 12 13 | 13.1
Shields        | 1 2 3 5 6 7 9 10 | 10.5
Axes           | 5 6 8 9 10 12 13 14 | 14.0
Invocations    | 1 2 3 6 7 9 11 12 13 15 | 15.0
Dodging        | |  2.4
Stealth        | |  1.5

Action                   |  1- 3 |  4- 6 |  7- 9 | 10-12 | 13-15 || total
-------------------------+-------+-------+-------+-------+-------++-------
Melee: Hand axe          |   112 |   233 |   258 |   486 |   384 ||  1473
       Unarmed           |       |       |       |       |     1 ||     1
Invok: Convert to Beogh  |       |     1 |       |       |       ||     1
       Smiting           |       |     3 |     7 |    18 |    23 ||    51
       Recall Orcish Fol |       |       |       |    11 |     6 ||    17
       Stop Recall       |       |       |       |     5 |     4 ||     9
       Give Item to Name |       |       |       |     1 |     1 ||     2
Evoke: Wand              |       |       |       |       |     1 ||     1
  Use: Scroll            |     1 |     3 |     4 |     8 |     9 ||    25
       Potion            |       |     1 |       |     4 |       ||     5
 Stab: Distracted        |     1 |       |       |       |     2 ||     3
       Sleeping          |     1 |       |       |       |       ||     1
  Eat: Chunk             |     1 |     7 |     5 |    17 |    13 ||    43
       Ration            |       |       |     1 |       |     2 ||     3
Armor: Robe              |    11 |       |       |       |       ||    11
       Scale mail        |    23 |    89 |    39 |       |       ||   151
       Plate armour      |       |       |    60 |   231 |   226 ||   517
Dodge: Dodged            |    72 |   116 |    79 |    73 |    83 ||   423
Block: Buckler           |     8 |    37 |    49 |    37 |       ||   131
       Shield            |       |       |       |   114 |   216 ||   330
